 Dungeon Crawl Stone Soup version 0.25-a0-474-ga8a2ee3166 (webtiles) character file.

Game seed: 17138950813739328565, levelgen mode: deterministic

2697 Kohma the Skirmisher (level 9, -4/77 (79) HPs)
             Began as a White Draconian Conjurer on Feb 8, 2020.
             Was a Priest of Vehumet.
             Slain by a troll (6 damage)
             ... on level 8 of the Dungeon.
             The game lasted 00:26:17 (9638 turns).

Kohma the Skirmisher (White Draconian Conjurer)     Turns: 9638, Time: 00:26:17

HP:   -4/77 (79)    AC:  7    Str: 11    XL:     9   Next: 38%
MP:   7/13          EV: 12    Int: 18    God:    Vehumet [***...]
Gold: 299           SH:  5    Dex: 12    Spells: 0/14 levels left

rFire    . . .     SeeInvis +   a - +1 falchion (holy)
rCold    + . .     Gourm    .   g - +0 buckler
rNeg     . . .     Faith    .   (armour unavailable)
rPois    .         Spirit   .   (helmet restricted)
rElec    .         Reflect  .   (no cloak)
rCorr    .         Harm     .   (no gloves)
MR       .....                  (no boots)
Stlth    ++........             (no amulet)
HPRegen  0.22/turn              r - ring of wizardry
MPRegen  0.13/turn              w - ring of see invisible

@: no status effects
A: breathe frost, unfitting armour, cold resistance 1, cold-blooded, AC +7
a: Breathe Frost, Renounce Religion


You were on level 8 of the Dungeon.
You worshipped Vehumet.
Vehumet was most pleased with you.
You were near starving.

You visited 2 branches of the dungeon, and saw 9 of its levels.
You also visited: Ossuary.

You collected 299 gold pieces.

Inventory:

Hand Weapons
 a - a +1 falchion of holy wrath (weapon)
Missiles
 d - 173 stones
 i - 47 poisoned darts (quivered)
 m - 7 atropa-tipped darts
Armour
 g - a +0 buckler (worn)
Jewellery
 r - a ring of wizardry (left hand)
 w - a ring of see invisible (right hand)
Wands
 f - a wand of flame (17)
 D - a wand of random effects (15)
Scrolls
 c - 8 scrolls of remove curse
 e - 2 scrolls of teleportation
 j - a scroll of fog
 k - a scroll of amnesia
 n - 2 scrolls of fear
Potions
 h - a potion of experience {unknown}
 l - 3 potions of ambrosia
 o - 3 potions of magic
 p - 3 potions of heal wounds
 q - 2 potions of degeneration {unknown}
 s - 2 potions of resistance
 t - a potion of brilliance {unknown}
 u - 3 potions of mutation {unknown}
 v - 4 potions of curing
 x - 3 potions of lignification
 z - 3 potions of agility {unknown}
 B - 3 potions of might {unknown}
Comestibles
 b - 4 rations


   Skills:
 + Level 7.6 Fighting
 + Level 4.5 Long Blades
 - Level 1.7 Dodging
 - Level 1.7 Stealth
 - Level 4.0 Shields
 - Level 3.0 Spellcasting
 - Level 7.0 Conjurations
 - Level 3.1 Necromancy
 - Level 2.1 Translocations
 - Level 2.2 Air Magic
 - Level 3.0 Poison Magic


You couldn't memorise any spells.
You knew the following spells:

 Your Spells              Type           Power        Failure   Level  Hunger
a - Magic Dart            Conj           ####         1%          1    None
b - Searing Ray           Conj           ####..       1%          2    ##.....
c - Iskenderun's Mystic   Conj/Tloc      ###.....     3%          4    ####...
d - Sandblast             Erth           #.....       1%          1    None
e - Poisonous Vapours     Pois/Air       ##....       3%          2    ##.....
f - Mephitic Cloud        Conj/Pois/Air  ###.....     1%          3    ###....
g - Animate Skeleton      Necr           N/A          1%          1    None

Your spell library contained the following spells:

 Spells                   Type           Power        Failure   Level  Hunger
 Stone Arrow              Conj/Erth      ###...       1%          3    ###....
 Conjure Flame            Conj/Fire      ###.....     1%          3    ###....
 Dazzling Flash           Conj/Hex       ###...       1%          3    ###....
 Apportation              Tloc           ##....       2%          1    None
 Fulminant Prism          Conj/Hex       ###.......   4%          4    ####...
 Corona                   Hex            #......      6%          1    None
 Infusion                 Chrm           #...         6%          1    None
 Summon Small Mammal      Summ           #...         6%          1    None
 Ozocubu's Armour         Chrm/Ice       #.......     19%         3    ###....
 Spectral Weapon          Hex/Chrm       #.......     19%         3    ###....
 Freezing Cloud           Conj/Ice/Air   ##........   52%         6    #######
 Ring of Flames           Chrm/Fire      #.........   100%        7    #######


Dungeon Overview and Level Annotations

Branches:
Dungeon (8/15)             Temple (1/1) D:5         Ossuary (visited)
   Lair: D:8-11

Altars:
Ashenzari
Cheibriados
Dithmenos
Elyvilon
Fedhas
Gozag
Kikubaaqudgha
Makhleb
Nemelex Xobeh
Okawaru
Qazlal
Ru
Sif Muna
Trog
Uskayaw
Vehumet
Wu Jian
Xom
Yredelemnul
Zin


Innate Abilities, Weirdness & Mutations

You can breathe waves of freezing cold.
You can buffet flying creatures when you breathe cold.
Your icy white scales are hard. (AC +7)
You cannot fit into any form of body armour.
Your flesh is cold resistant. (rC+)
You are cold-blooded and may be slowed by cold attacks.


Message History

Confirm with . or Enter, or press ? or * to list all spells.
Aiming: Mephitic Cloud (safe; 1% risk of failure)
Press: ? - help, Shift-Dir - straight line, f/p - troll
Aim: a troll (poisoned)
The ball explodes into a vile cloud!
The stinking cloud engulfs the troll but does no damage.
You hear a bark!
The troll is engulfed in noxious fumes.
The troll is engulfed in noxious fumes.
You hit the troll.
The troll is lightly wounded.
The troll bites you. The troll claws you but does no damage.
The troll claws you!
* * * LOW HITPOINT WARNING * * *
You hit the troll.
The troll is lightly wounded.
The troll looks more healthy.
The troll bites you!
* * * LOW HITPOINT WARNING * * *
The troll claws you.
You die...

h≈≈≈≈≈ ...# .≈≈≈≈≈ #..#
≈h≈≈≈≈### #..# h≈≈≈≈...###
#..## .≈≈≈!.....# #..#
≈.≈≈......## #<# ≈≈..≈......#
#†#####
≈≈≈.....<#.############.....#
≈≈.;......°†..T@....(##.....#
≈≈.........##.######.##.....#
≈........#.##.#....#.##...[.#
.......###.##.###..#.##.....#
......# #.....)...#.##.....#
?#.... ####.###..#..#.....#
#.... #.#....#..(.....# #...
#)######..#.....#
#.........#.....#


You could see a troll.

Vanquished Creatures
  A hippogriff (D:8)
  An ice beast (D:7)
  An orc warrior (D:7)
  3 ogres
  A necrophage (D:6)
  A wolf (D:8)
  2 centaurs
  A big kobold (D:7)
  2 elf zombies (Ossuary)
  Blork the orc (D:5)
  7 killer bees
  5 wights (D:6)
  A howler monkey (D:5)
  A centaur zombie (Ossuary)
  4 crimson imps
  A human zombie (Ossuary)
  6 orc wizards
  A hound (D:8)
  Natasha (thrice) (D:2)
  4 worker ants
  2 big kobold zombies (Ossuary)
  2 mummies (Ossuary)
  10 adders
  2 shadow imps
  3 oozes
  2 adder zombies
  2 adder skeletons
  8 worms
  2 dart slugs
  4 leopard geckos
  28 orcs
  5 bats (D:1)
  3 bat skeletons (D:5)
  2 bat zombies (D:5)
  10 giant cockroaches
  6 goblins
  3 hobgoblins
  5 jackals
  5 quokkas
  A ball python skeleton (D:5)
  5 frilled lizards
  A goblin zombie (Ossuary)
  5 hobgoblin zombies (Ossuary)
  A jackal zombie (Ossuary)
  10 kobolds
  11 kobold zombies (Ossuary)
  9 orc zombies (Ossuary)
  A quokka skeleton (D:4)
  A quokka zombie (D:8)
  10 rats
  4 rat zombies
210 creatures vanquished.

Vanquished Creatures (others)
  A killer bee (D:8)
1 creature vanquished.

Grand Total: 211 creatures vanquished

Notes
Turn   | Place    | Note
-------+----------+-------------------------------------------
     0 | D:1      | Kohma the Draconian Conjurer began the quest for the Orb.
     0 | D:1      | Reached XP level 1. HP: 14/14 MP: 3/3
   353 | D:1      | Reached XP level 2. HP: 20/20 MP: 0/5
   375 | D:1      | Learned a level 2 spell: Searing Ray
  1123 | D:2      | Reached skill level 1 in Shields
  1123 | D:2      | Reached XP level 3. HP: 26/26 MP: 3/6
  1671 | D:2      | Noticed Natasha
  1676 | D:2      | Killed Natasha
  1676 | D:2      | Reached XP level 4. HP: 25/33 MP: 2/8
  1839 | D:2      | Reached skill level 5 in Conjurations
  1975 | D:2      | Noticed Natasha
  1978 | D:2      | Killed Natasha
  2011 | D:2      | Noticed Natasha
  2019 | D:2      | Killed Natasha
  2019 | D:2      | Reached XP level 5. HP: 32/38 MP: 6/9
  2848 | D:3      | Found a burning altar of Makhleb.
  3452 | D:4      | Found an iron altar of Okawaru.
  3478 | D:4      | Reached skill level 1 in Fighting
  3725 | D:4      | Found a shadowy altar of Dithmenos.
  3725 | D:4      | Found an ornate altar of the Wu Jian Council.
  3725 | D:4      | Found a shattered altar of Ashenzari.
  3924 | D:4      | Reached XP level 6. HP: 44/47 MP: 10/10
  4198 | D:4      | Learned a level 4 spell: Iskenderun's Mystic Blast
  4432 | D:4      | Reached skill level 1 in Translocations
  4744 | D:5      | Entered Level 5 of the Dungeon
  4801 | D:5      | Found a staircase to the Ecumenical Temple.
  4815 | Temple   | Entered the Ecumenical Temple
  5010 | Temple   | Became a worshipper of Vehumet
  5043 | D:5      | Your scales start taking on an icy white colour.
  5043 | D:5      | Reached XP level 7. HP: 58/58 MP: 5/11
  5043 | D:5      | Gained mutation: Your flesh is cold resistant. (rC+) [White
                  | Draconian growth]
  5517 | D:5      | Found a blossoming altar of Fedhas.
  5642 | D:5      | Noticed Blork the orc
  5650 | D:5      | Killed Blork the orc
  5707 | D:5      | Found a shimmering blue altar of Sif Muna.
  5843 | D:5      | Reached skill level 5 in Fighting
  5994 | D:5      | Found a basalt altar of Yredelemnul.
  6187 | D:5      | Found an ancient bone altar of Kikubaaqudgha.
  6342 | D:6      | Reached * piety under Vehumet
  6342 | D:6      | Offered knowledge of Sandblast by Vehumet.
  6509 | D:6      | Learned a level 1 spell: Sandblast
  6675 | D:6      | Reached XP level 8. HP: 69/69 MP: 8/12
  6694 | D:6      | Reached skill level 1 in Long Blades
  7260 | D:6      | Found a hide-covered altar of Uskayaw.
  7388 | D:6      | Found a sacrificial altar of Ru.
  7689 | D:6      | Learned a level 2 spell: Poisonous Vapours
  7693 | D:6      | Learned a level 3 spell: Mephitic Cloud
  8048 | D:7      | Reached skill level 1 in Air Magic
  8048 | D:7      | Reached skill level 1 in Poison Magic
  8227 | D:7      | Offered knowledge of Foxfire by Vehumet.
  8243 | D:7      | Reached ** piety under Vehumet
  8745 | D:7      | Reached XP level 9. HP: 67/76 MP: 13/13
  8963 | D:7      | Identified the Almanac of Causality
  9185 | D:8      | Found a sand-covered staircase.
  9193 | Ossuary  | Entered an ossuary
  9196 | Ossuary  | Learned a level 1 spell: Animate Skeleton
  9293 | Ossuary  | Offered knowledge of Ignite Poison by Vehumet.
  9420 | Ossuary  | Reached *** piety under Vehumet
  9447 | Ossuary  | Reached skill level 1 in Necromancy
  9627 | D:8      | Noticed a troll
  9628 | D:8      | Offered knowledge of Stone Arrow by Vehumet.
  9638 | D:8      | HP: 2/77 [troll (13)]
  9638 | D:8      | Slain by a troll

Levels and vault maps discovered:
D:1:      dpeg_arrival_court, layout_basic, roderic_lattice_a,
          minmay_curled_crystal
D:2:      layout_loops_ring, patterned_corridor, uniq_natasha
D:3:      layout_basic, overflow_temple_1_default, minmay_strange_pillars
D:4:      layout_loops_corners, gammafunk_temple_overflow_claw,
          okawaru_metal_pillars_3
D:5:      minmay_chambers_of_fours, layout_basic, kennysheep_vampire_church,
          tgw_sif, nicolae_overflow_crystal_walls, minmay_temple_entry_waves,
          first_ration, fedhas_bush_and_centaur_altar
D:6:      layout_loops_corners, nicolae_ru_path_of_blood, old_standard_altar
D:7:      layout_rooms
D:8:      layout_rooms, erik_lair_island, enter_ossuary_4, grunt_livestock,
          hangedman_abyss_or_decor_slice
Temple:   minmay_temple_curvy_loop

Skill      XL: |  1  2  3  4  5  6  7  8  9 |
---------------+----------------------------+-----
Shields        | 1 2 4 |  4.0
Conjurations   | 5 6 7 |  7.0
Spellcasting   | 3 |  3.0
Fighting       | 1 3 5 6 7 |  7.6
Translocations | 1 2 |  2.1
Long Blades    | 3 4 |  4.5
Air Magic      | 2 |  2.2
Poison Magic   | 3 |  3.0
Necromancy     | 3 |  3.1
Dodging        | |  1.7
Stealth        | |  1.7

Action                   |  1- 3 |  4- 6 |  7- 9 || total
-------------------------+-------+-------+-------++-------
Melee: Unarmed           |    13 |       |       ||    13
       Short sword       |    28 |    20 |       ||    48
       Tailslap          |     2 |    12 |    45 ||    59
       Falchion          |       |    50 |   354 ||   404
       Whip              |       |    19 |       ||    19
 Cast: Magic Dart        |    33 |    51 |     1 ||    85
       Searing Ray       |     6 |    14 |    21 ||    41
       Sandblast         |       |       |     3 ||     3
       Iskenderun's Myst |       |       |     2 ||     2
       Poisonous Vapours |       |       |    13 ||    13
       Mephitic Cloud    |       |       |     2 ||     2
  Use: Scroll            |       |    10 |     6 ||    16
 Stab: Sleeping          |       |     4 |     5 ||     9
       Distracted        |       |       |     1 ||     1
       Confused          |       |       |     2 ||     2
  Eat: Chunk             |     3 |    10 |     7 ||    20
       Ration            |       |       |     3 ||     3
Armor: Skin              |     9 |    21 |   117 ||   147
Dodge: Dodged            |    46 |    50 |   198 ||   294
Block: Buckler           |       |    21 |    98 ||   119
       Rpst.: Falchion   |       |    10 |    67 ||    77

Table legend:
 A = Non-vault XP
 B = Vault XP
 C = Vault XP percentage of total XP
 D = Non-vault monster count
 E = Vault monster count
 F = Vault count percentage of total count
                 A         B        C        D         E       F
            +---------+---------+-------+---------+---------+-------
      Total |    2888 |     965 |  25.0 |     155 |      56 |  26.5
            +---------+---------+-------+---------+---------+-------
        D:1 |      33 |       0 |   0.0 |      19 |       0 |   0.0
        D:2 |     168 |      35 |  17.2 |      28 |       1 |   3.4
        D:3 |     111 |       0 |   0.0 |      21 |       0 |   0.0
        D:4 |     412 |       0 |   0.0 |      19 |       0 |   0.0
        D:5 |     166 |     359 |  68.4 |      11 |      12 |  52.2
        D:6 |     704 |       0 |   0.0 |      27 |       0 |   0.0
        D:7 |     827 |       0 |   0.0 |      24 |       0 |   0.0
        D:8 |     467 |     160 |  25.5 |       6 |       4 |  40.0
    Ossuary |       0 |     411 | 100.0 |       0 |      39 | 100.0
            +---------+---------+-------+---------+---------+-------
